Map: Congelamento ER

Players

llllllllllll

  • Race: Terran Terran
  • League: Master

Stalker - Winner!

  • Race: Protoss Protoss
  • League: Diamond

VOD

Have the link to the VOD?

Description

Time

  • Played on: Sept. 16, 2016, 8:54 p.m.
  • Length: 10:44
Show
View Real Time Build Order
Export as new Build Order

llllllllllll Terran 

Build Orders: Liberator Opening, Reaper Expand, MMM Bio 

Get SALT Encoding   

  12  0:01  SCV  
  13  0:13  SCV  
  14  0:17  Supply Depot  
  14  0:25  SCV  
  14  0:28  Refinery  
  15  0:39  SCV  
  16  0:45  Barracks  
  16  0:51  SCV  
  17  1:03  SCV  
  18  1:15  SCV  
  19  1:31  Reaper  
  19  1:32  Orbital Command  
  20  1:47  Command Center  
  20  1:57  Factory  
  20  2:00  SCV  
  21  2:10  Supply Depot  
  21  2:11  Barracks Reactor  
  21  2:14  SCV  
  22  2:26  SCV  
  23  2:39  SCV  
  23  2:41  Refinery  
  23  2:44  Starport  
  24  2:48  Marine x2  
  26  2:51  SCV  
  26  2:52  Widow Mine  
  29  3:03  SCV  
  29  3:04  Orbital Command  
  30  3:06  Marine x2  
  32  3:13  Bunker  
  32  3:15  SCV  
  33  3:24  Medivac  
  33  3:25  Factory Tech Lab  
  35  3:27  SCV  
  35  3:29  Marine x2  
  35  3:30  SCV  
  39  3:34  Supply Depot  
  39  3:40  SCV  
  40  3:44  SCV  
  40  3:45  Engineering Bay  
  40  3:47  Marine  
  40  3:48  Marine  
  43  3:53  Siege Tank  
  46  3:56  SCV  
  46  3:57  Liberator  
  46  4:01  SCV  
  47  4:03  Supply Depot  
  47  4:08  Marine x2  
  49  4:12  SCV  
  49  4:16  SCV  
  54  4:18  Supply Depot  
  54  4:29  Marine x2  
  54  4:30  SCV  
  57  4:37  SCV  
  57  4:42  SCV  
  56  4:49  SCV  
  56  4:50  Command Center  
  57  4:54  Marine, SCV  
  57  4:55  Marine  
  57  4:56  Factory Tech Lab  
  57  4:59  Starport Reactor  
  60  5:01  Barracks x2, SCV  
  60  5:06  Supply Depot, SCV  
  62  5:09  Missile Turret  
  62  5:15  SCV  
  62  5:18  SCV, Marine x2  
  62  5:19  Refinery, Siege Tank  
  64  5:32  SCV  
  65  5:37  Barracks, Supply Depot, SCV  
  65  5:39  Barracks  
  66  5:44  SCV  
  66  5:46  Refinery  
  66  5:47  Marine x2  
  66  5:50  Barracks Tech Lab, Marine  
  66  5:51  SCV, Stimpack  
  66  5:54  Terran Infantry Weapons Level 1, Supply Depot  
  68  6:05  SCV  
  68  6:07  Orbital Command, Marine x2  
  68  6:09  Marauder  
  73  6:12  Combat Shields  
  73  6:13  Marine  
  73  6:15  Factory Reactor  
  74  6:19  SCV  
  74  6:25  Barracks Reactor  
  75  6:26  Barracks Reactor  
  75  6:27  Medivac, SCV  
  75  6:32  Orbital Command  
  77  6:34  Marauder x2, Marine  
  77  6:35  SCV  
  77  6:39  SCV  
  84  6:41  Marine  
  85  6:48  SCV  
  86  6:54  Engineering Bay  
  86  6:55  Marine  
  86  6:56  SCV, Marauder x2  
  86  6:57  Widow Mine x2  
  86  6:59  Marine  
  86  7:00  SCV  
  98  7:07  Marine x2  
  98  7:08  Marine  
  101  7:10  SCV x2  
  101  7:13  Medivac  
  105  7:17  Marauder x2  
  109  7:25  Supply Depot  
  109  7:26  Supply Depot, Terran Infantry Armor Level 1  
  109  7:29  Armory  
  109  7:34  SCV  
  106  7:37  Bunker  
  106  7:39  Marauder, Marine  
  95  7:49  Marine x5, Marauder, SCV x2  
  97  7:52  SCV  
  97  7:56  Medivac x2  
  97  7:57  Widow Mine x2  
  104  8:01  Marauder, SCV x2  
  104  8:04  SCV  
  104  8:05  Refinery  
  109  8:07  Refinery, Marine x2  
  109  8:08  Marine x4  
  109  8:09  Liberator  
  109  8:10  Marine  
  116  8:13  SCV x2  
  118  8:22  Marine  
  118  8:25  Marine x2  
  118  8:26  SCV  
  124  8:27  Marine  
  125  8:39  Supply Depot  
  125  8:40  Supply Depot  
  125  8:42  Liberator  
  125  8:50  Starport  
  125  8:51  Missile Turret  
  125  8:52  Liberator, Fusion Core  
  125  8:59  Marauder, Marine  
  125  9:00  Widow Mine, Marauder, Marine x5  
  124  9:06  Widow Mine  
  124  9:09  SCV  
  130  9:16  Marine  
  131  9:18  Marine x4  
  131  9:20  Marauder  
  131  9:22  Marauder  
  139  9:25  Liberator  
  139  9:31  Starport Tech Lab  
  139  9:42  Marine x2, Marauder  
  141  9:48  Marine  
  141  9:49  Marauder, Marine x2  
  141  9:52  SCV  
  141  9:54  SCV  
  141  9:59  Marine  
  141  10:00  Marine  
  141  10:02  Marine  
  141  10:05  Marine  
  141  10:06  Marauder  
  140  10:10  Marauder  
  140  10:11  Marine x2  
  132  10:14  SCV x3  
  132  10:17  Marine  
  130  10:23  Marine x2  
  130  10:26  SCV  
Show
View Real Time Build Order
Export as new Build Order

Stalker Protoss - Winner!

Build Orders: 1 Gate Expand 

Get SALT Encoding   

  12  0:00  Probe (Chrono Boost)  
  13  0:11  Probe (Chrono Boost)  
  14  0:18  Pylon  
  14  0:22  Probe (Chrono Boost)  
  15  0:36  Gateway, Probe (Chrono Boost)  
  16  0:47  Probe (Chrono Boost)  
  16  0:48  Assimilator  
  17  0:58  Probe (Chrono Boost)  
  18  1:08  Probe (Chrono Boost)  
  19  1:21  Nexus  
  19  1:31  Cybernetics Core  
  19  1:36  Probe (Chrono Boost)  
  20  1:41  Assimilator  
  20  1:46  Probe (Chrono Boost)  
  21  1:51  Pylon  
  21  1:59  Probe (Chrono Boost)  
  22  2:05  Stalker  
  22  2:09  Warp Gate  
  22  2:12  Probe (Chrono Boost)  
  25  2:29  Mothership Core (Chrono Boost)  
  27  2:42  Stalker  
  29  2:45  Probe (Chrono Boost)  
  29  2:47  Probe (Chrono Boost)  
  31  2:55  Probe (Chrono Boost)  
  31  2:58  Probe (Chrono Boost)  
  33  3:01  Robotics Facility  
  33  3:06  Probe (Chrono Boost)  
  33  3:08  Probe (Chrono Boost)  
  35  3:17  Probe (Chrono Boost)  
  35  3:19  Probe (Chrono Boost)  
  37  3:27  Probe (Chrono Boost)  
  37  3:28  Stalker  
  37  3:30  Probe (Chrono Boost)  
  41  3:34  Pylon  
  41  3:38  Twilight Council  
  42  3:44  Probe (Chrono Boost)  
  42  3:48  Observer  
  43  3:49  Probe (Chrono Boost)  
  43  3:50  Pylon  
  43  3:54  Probe (Chrono Boost)  
  46  4:03  Probe (Chrono Boost)  
  46  4:05  Probe (Chrono Boost)  
  46  4:09  Gateway  
  47  4:10  Gateway  
  47  4:11  Observer  
  47  4:12  Gateway  
  47  4:15  Probe (Chrono Boost)  
  49  4:20  Stalker  
  49  4:23  Probe (Chrono Boost)  
  52  4:30  Probe (Chrono Boost)  
  53  4:33  Probe (Chrono Boost)  
  54  4:40  Probe (Chrono Boost)  
  54  4:42  Blink  
  54  4:44  Probe (Chrono Boost)  
  56  4:47  Assimilator  
  56  4:50  Assimilator  
  56  4:51  Probe (Chrono Boost)  
  57  4:54  Probe (Chrono Boost)  
  58  5:02  Probe (Chrono Boost)  
  59  5:09  Probe (Chrono Boost)  
  60  5:14  Forge  
  60  5:15  Observer  
  60  5:16  Probe (Chrono Boost)  
  60  5:20  Nexus  
  59  5:27  Stalker x2  
  61  5:34  Pylon  
  61  5:36  Pylon  
  61  5:40  Protoss Ground Weapons Level 1  
  61  5:41  Probe (Chrono Boost)  
  62  5:52  Probe (Chrono Boost)  
  62  5:54  Probe (Chrono Boost)  
  68  5:57  Immortal  
  68  6:03  Probe (Chrono Boost)  
  69  6:07  Pylon  
  69  6:08  Adept x2, Pylon  
  69  6:10  Sentry  
  75  6:11  Sentry  
  75  6:18  Probe (Chrono Boost)  
  78  6:23  Gateway  
  78  6:25  Probe (Chrono Boost)  
  78  6:32  Pylon  
  78  6:35  Probe (Chrono Boost)  
  78  6:36  Immortal  
  78  6:38  Probe x2 (Chrono Boost)  
  85  6:42  Resonating Glaives, Adept  
  85  6:44  Adept  
  89  6:50  Adept  
  89  6:51  Adept  
  95  6:54  Probe (Chrono Boost)  
  95  6:56  Probe (Chrono Boost)  
  95  6:57  Probe (Chrono Boost)  
  96  7:06  Probe (Chrono Boost)  
  96  7:07  Probe (Chrono Boost), Pylon  
  98  7:09  Templar Archives  
  98  7:11  Gateway  
  99  7:15  Pylon  
  99  7:16  Probe (Chrono Boost)  
  99  7:19  Probe (Chrono Boost), Warp Prism  
  99  7:21  Probe (Chrono Boost)  
  103  7:24  Gateway  
  103  7:28  Adept x2  
  105  7:43  Stalker x2  
  105  7:44  Stalker  
  109  7:48  Protoss Ground Armor Level 1  
  111  7:52  Probe x2 (Chrono Boost), Assimilator  
  111  7:54  Warp Prism  
  111  7:57  Assimilator  
  113  7:59  Gateway  
  113  8:00  Gateway, Psionic Storm  
  113  8:10  Pylon  
  113  8:19  Adept  
  115  8:20  Adept  
  115  8:21  High Templar  
  115  8:22  Nexus  
  115  8:23  High Templar x2  
  115  8:24  Pylon  
  123  8:28  Archon, High Templar  
  125  8:35  Assimilator  
  125  8:38  Immortal  
  129  8:41  Adept  
  129  8:48  Adept x2  
  104  9:04  Adept x3  
  104  9:05  Adept x2  
  114  9:16  Forge  
  114  9:17  Immortal, Stalker x2  
  114  9:18  Stalker  
  114  9:19  Pylon  
  114  9:20  Adept  
  126  9:32  Gateway, Adept x2  
  126  9:36  Adept  
  132  9:44  Pylon  
  132  9:50  Stalker  
  132  9:51  Stalker x3  
  136  10:01  Immortal  
  136  10:02  Probe (Chrono Boost)  
  139  10:13  Adept x5  
  149  10:17  Probe (Chrono Boost)  
  126  10:32  Stalker x2  
  126  10:33  Stalker x4  
Tags
 
Add a new tag
Caveats
  • Supply blocks, unpowered buildings, or Contaminate may cause inaccurate times.
  • Supply counts are checked every 10 seconds.